 Dungeon Crawl Stone Soup version 0.28.0-45-g0d030f2227 (webtiles) character file.

Game seed: 7546677212497435817

290 MalarOregon the Skirmisher (level 6, -5/51 HPs)
             Began as a Palentonga Fighter on Apr 19, 2022.
             Killed by nerve-wracking pain
             ... invoked by an orc priest
              (7 damage)
             ... on level 4 of the Dungeon.
             The game lasted 00:03:05 (3741 turns).

MalarOregon the Skirmisher (Palentonga Fighter)     Turns: 3741, Time: 00:03:05

Health: -5/51      AC:  6    Str: 22    XL:     6   Next: 9%
Magic:  6/6        EV:  7    Int:  8    God:
Gold:   108        SH:  5    Dex: 15    Spells: 5/5 levels left

rFire   . . .      SeeInvis +   a - +0 war axe
rCold   . . .      Faith    .   c - +0 buckler
rNeg    . . .      Spirit   .   b - +0 scale mail
rPois   .          Reflect  .   (no helmet)
rElec   .          Harm     .   (no cloak)
rCorr   .          Rampage  .   (no gloves)
Will    .....                   (no barding)
Stlth   ..........              (no amulet)
HPRegen 0.17/turn               l - +6 ring of dexterity
MPRegen 0.10/turn               (no ring)

@: no status effects
A: large, rugged brown scales 3, see invisible, deformed body, roll 1, armoured
tail
a: Rolling Charge


You were on level 4 of the Dungeon.
You visited 1 branch of the dungeon, and saw 4 of its levels.

You collected 116 gold pieces.
You spent 8 gold pieces at shops.


Innate Abilities, Weirdness & Mutations

You are completely covered in rugged brown scales. (AC +3, +7% HP)
You have supernaturally acute eyesight. (SInv)
Armour fits poorly on your strangely shaped body.
You can roll at nearby foes to attack.
You have a long armoured tail.


   Skills:
 + Level 4.2 Fighting
 + Level 3.6 Axes
 + Level 3.5 Armour
 + Level 3.5 Shields


You had 5 spell levels left.
You didn't know any spells.
Your spell library contained the following spells:

 Spells                   Type           Power      Damage    Failure   Level
 Corpse Rot               Necr/Air       0%         N/A       91%         2
 Ensorcelled Hibernation  Hex/Ice        0%         N/A       91%         2
 Poisonous Vapours        Pois/Air       0%         N/A       91%         2
 Spider Form              Tmut/Pois      0%         N/A       99%         3
 Anguish                  Hex/Necr       0%         N/A       100%        4

Inventory:

Hand Weapons
 a - a +0 war axe (weapon)
Missiles
 q - 4 poisoned darts
 s - 2 datura-tipped darts
Armour
 b - a +0 scale mail (worn)
 c - a +0 buckler (worn)
Jewellery
 g - an amulet of faith {!P}
   (You found it on level 1 of the Dungeon)
 l - a +6 ring of dexterity (left hand)
   (You found it on level 2 of the Dungeon)
Scrolls
 e - 2 scrolls of identify {unknown}
 i - a scroll of magic mapping {unknown}
 m - a scroll of blinking {unknown}
 n - a scroll of acquirement {unknown}
 o - a scroll of teleportation {unknown}
 r - a scroll of immolation {unknown}
Potions
 d - a potion of might
 f - a potion of magic {unknown}
 h - a potion of invisibility {unknown}
 j - a potion of brilliance {unknown}
 k - a potion of mutation {unknown}
 p - a potion of flight {unknown}

Dungeon Overview and Level Annotations

Branches:
Dungeon (4/15)
 Temple: D:4-7

Altars:
Gozag
Vehumet

Shops:
D:3 (

Annotations:
D:2 1 runed translucent door, Crazy Yiuf

#. . ##.#
..##!.. #......
..... #...### .
###.#o..## ..
#.....@..##.#..
.#..............
........<.......
#.........###...
.....(...## .
..........
.....$.....
#........##.
.........# ..


You could see an orc priest.


Message History

The scorpion poisons you!
You slash the scorpion!
You kill the scorpion!
You feel very sick.
Unknown command.
You start resting.
You feel sick. x6
You are no longer poisoned.
You start resting.
Things that are here:
a +0 falchion; a +0 leather armour; an orc skeleton
There is a stone staircase leading down here.
You climb downwards.
The orc hits you with a +1 short sword of protection.
The orc hits you with a +0 mace.
The orc hits you with a +1 short sword of protection.
The orc priest looks braver for a moment.
The orc hits you but does no damage.
There is a stone staircase leading up here.
The orc barely misses you. You block the orc's attack.
The orc priest calls down the wrath of Beogh upon you.
Beogh smites you!
You climb upwards.
There is a stone staircase leading down here.
You slash the orc!
You kill the orc!
You hit the orc. The orc closely misses you.
You have reached level 6!
You hit the orc but do no damage. You tail-slap the orc.
You kill the orc!
Items here: )) [[ ÷ †.
Unknown command.
Okay, then.
There is a stone staircase leading down here.
You start resting.
Unknown command.
You climb downwards.
You block the adder's attack. The adder closely misses you.
There is a stone staircase leading up here.
The adder bites you but does no damage. The orc hits you with a +0 dagger.
You climb upwards.
There is a stone staircase leading down here.
You slash the adder!
You kill the adder!
You barely miss the orc. The orc closely misses you.
You closely miss the orc.
Your tail-slap misses the orc.
The orc hits you but does no damage. x2
You hit the orc. You block the orc's attack.
You hit the orc. The orc barely misses you.
You hit the orc but do no damage. You block the orc's attack.
The orc hits you but does no damage.
You slash the orc!
You kill the orc!
No target in view!
You climb downwards.
The adder hisses angrily.
The orc priest mumbles some strange prayers to Beogh against you.
You barely resist.
The orc priest invokes the aid of Beogh against you.
Beogh smites you!
There is a stone staircase leading up here.
The orc priest closely misses you. The adder bites you.
You hit the orc priest.
You tail-slap the orc priest, but do no damage.
You hit the adder. The adder barely misses you.
The orc priest hits you with a +0 hand axe.
You barely miss the adder. You hit the orc priest.
You block the adder's attack.
The orc priest looks braver for a moment.
The adder bites you.
You are poisoned.
The adder poisons you!
You closely miss the orc priest.
Your tail-slap misses the orc priest.
You miss the adder.
You feel sick. The adder bites you.
* * * LOW HITPOINT WARNING * * *
The orc priest hits you with a +0 hand axe.
* * * LOW HITPOINT WARNING * * *
The adder bites you but does no damage.
The orc priest begins to cast a cantrip, but forgets the words!
Unknown command.
You closely miss the orc priest. You slash the adder!
You kill the adder!
You feel sick. You block the orc priest's attack.
Unknown command.
You hit the orc priest.
You feel sick.
You are no longer poisoned.
The orc priest hits you with a +0 hand axe.
* * * LOW HITPOINT WARNING * * *
You hit the orc priest.
Your tail-slap misses the orc priest.
You block the orc priest's attack.
The orc priest hits you with a +0 hand axe!
* * * LOW HITPOINT WARNING * * *
You barely miss the orc priest.
The orc priest invokes the aid of Beogh against you.
Pain shoots through your body!
* * * LOW HITPOINT WARNING * * *
You closely miss the orc priest.
You tail-slap the orc priest, but do no damage.
The orc priest invokes the aid of Beogh against you.
Pain shoots through your body!
You die...

Skill      XL: |  1  2  3  4  5 |
---------------+----------------+-----
Armour         | 3 |  3.5
Shields        | 3 |  3.5
Axes           | 3 |  3.6
Fighting       | 4 |  4.2

Action                   |  1- 3 |  4- 6 || total
-------------------------+-------+-------++-------
Melee: War axe           |    85 |   101 ||   186
       Tailslap          |    11 |     7 ||    18
Armor: Scale mail        |    42 |    43 ||    85
Dodge: Dodged            |    30 |    26 ||    56
Block: Buckler           |    14 |    35 ||    49

Levels and vault maps discovered:
D:1:      eino_arrival_druids_welcome, layout_loops_corners,
          chequers_serial_rivers_micro_e
D:2:      layout_loops_cross, hellmonk_ecumenical_altar_run_dry,
          grunt_decor_cap, minmay_rat_gold_closets, uniq_crazy_yiuf_cottage,
          uniq_terence
D:3:      layout_loops_ring, mainiacjoe_overflow_divided_tiny, serial_shops,
          shop
D:4:      layout_rooms

Notes
Turn   | Place    | Note
-------+----------+-------------------------------------------
     0 | D:1      | MalarOregon the Palentonga Fighter began the quest for the
                  | Orb.
     0 | D:1      | Reached XP level 1. HP: 19/19 MP: 1/1
   474 | D:1      | Reached XP level 2. HP: 25/25 MP: 2/2
  1208 | D:2      | Noticed Terence
  1219 | D:2      | Killed Terence
  1220 | D:2      | Reached XP level 3. HP: 16/31 MP: 3/3
  1366 | D:2      | Found a faded altar of an unknown god.
  1440 | D:2      | Found a runed translucent door.
  1441 | D:2      | Noticed Crazy Yiuf
  1612 | D:2      | Reached XP level 4. HP: 28/37 MP: 4/4
  1849 | D:2      | Reached skill level 3 in Armour
  2076 | D:3      | Reached skill level 3 in Shields
  2243 | D:3      | Reached skill level 3 in Axes
  2302 | D:3      | You pick up a book of Vapours and begin reading...
  2302 | D:3      | You add the spells Poisonous Vapours and Corpse Rot to your
                  | library.
  2547 | D:3      | Reached XP level 5. HP: 29/44 MP: 5/5
  2879 | D:3      | Reached skill level 4 in Fighting
  2882 | D:3      | You pick up a book of Dreams and begin reading...
  2882 | D:3      | You add the spells Ensorcelled Hibernation, Spider Form and
                  | Anguish to your library.
  3084 | D:3      | Found a radiant altar of Vehumet.
  3085 | D:3      | Found an opulent altar of Gozag.
  3103 | D:3      | Found Zuasahit's Weapon Shoppe.
  3112 | D:3      | Bought 2 datura-tipped darts for 8 gold pieces
  3309 | D:3      | HP: 9/44 [poisoned by a scorpion]
  3314 | D:3      | HP: 5/44 [poisoned by a scorpion]
  3605 | D:3      | Reached XP level 6. HP: 31/51 MP: 6/6
  3740 | D:4      | HP: 2/51 [orc priest/nerve-wracking pain (11)]
  3741 | D:4      | Killed from afar by an orc priest

Vanquished Creatures
  A scorpion (D:3)
  Terence (D:2)
  An orc wizard (D:3)
  7 gnolls (D:3)
  4 adders
  2 dart slugs
  8 orcs (D:3)
  6 endoplasms
  3 giant cockroaches
  4 goblins
  5 hobgoblins
  7 kobolds
  3 quokkas
  2 ball pythons
  3 bats
  5 frilled lizards
  11 rats
73 creatures vanquished.

Table legend:
 A = Non-vault XP
 B = Vault XP
 C = Vault XP percentage of total XP
 D = Non-vault monster count
 E = Vault monster count
 F = Vault count percentage of total count
                 A         B        C        D         E       F
            +---------+---------+-------+---------+---------+-------
      Total |     369 |      46 |  11.1 |      62 |      11 |  15.1
            +---------+---------+-------+---------+---------+-------
        D:1 |      27 |       0 |   0.0 |      15 |       0 |   0.0
        D:2 |      36 |      46 |  56.1 |      13 |      11 |  45.8
        D:3 |     293 |       0 |   0.0 |      33 |       0 |   0.0
        D:4 |      13 |       0 |   0.0 |       1 |       0 |   0.0
            +---------+---------+-------+---------+---------+-------

Illustrated notes

Table legend:
 A = Kills in this place as a percentage of kills in entire the game.
 B = Kills by you in this place as a percentage of kills by you in the entire game.
 C = Kills by friends in this place as a percentage of kills by friends in the entire game.
 D = Other kills in this place as a percentage of other kills in the entire game.
 E = Experience gained in this place as a percentage of experience gained in the entire game.
 F = Experience gained in this place divided by the number of levels of this place that you have seen.
                   A       B       C       D       E      F
               +-------+-------+-------+-------+-------+----------------------
         Total | 100.0 | 100.0 |   N/A |   N/A | 100.0 | 103.8
       Dungeon | 100.0 | 100.0 |   N/A |   N/A | 100.0 | 103.8
               +-------+-------+-------+-------+-------+----------------------

Table legend: (Time is in decaauts)
 A = Elapsed time spent in this place.
 B = Non-inter-level travel time spent in this place.
 C = Inter-level travel time spent in this place.
 D = Time resting spent in this place.
 E = Time spent auto-exploring this place.
 F = Levels seen in this place.
 G = Mean time per level.
                   A        B        C        D        E       F      G
               +--------+--------+--------+--------+--------+-----+--------+
         Total |   3816 |   3752 |     64 |    580 |   2659 |   4 |  954.0 |
       Dungeon |   3816 |   3752 |     64 |    580 |   2659 |   4 |  954.0 |
               +--------+--------+--------+--------+--------+-----+--------+

Top non-repeatable levels by time:
     D:3: 1688 daAuts
     D:2: 1110 daAuts
     D:1: 992 daAuts
     D:4: 24 daAuts
